 Dungeon Crawl Stone Soup version 0.28.0-1-gb440e238dd (webtiles) character file.

Game seed: 10684044440872600701

6 croobank the Shield-Bearer (level 1, -1/16 HPs)
             Began as an Octopode Fighter on Feb 22, 2022.
             Slain by a kobold (5 damage)
             ... on level 1 of the Dungeon.
             The game lasted 00:00:54 (59 turns).

croobank the Shield-Bearer (Octopode Fighter)         Turns: 59, Time: 00:00:57

Health: -1/16      AC:  1    Str: 15    XL:     1   Next: 90%
Magic:  1/1        EV: 13    Int: 10    God:
Gold:   10         SH:  4    Dex: 11    Spells: 0/0 levels left

rFire   . . .      SeeInvis .   a - +0 war axe
rCold   . . .      Faith    .   b - +0 buckler
rNeg    . . .      Spirit   .   (helmet restricted)
rPois   .          Reflect  .   (no amulet)
rElec   .          Harm     .   (no ring)
rCorr   .          Rampage  .   (no ring)
Will    .....                   (no ring)
Stlth   ++........              (no ring)
HPRegen 0.05/turn               (no ring)
MPRegen 0.07/turn               (no ring)
                                (no ring)
                                (no ring)

@: no status effects
A: almost no armour, amphibious, 8 rings, camouflage 1, gelatinous body 1,
(nimble swimmer 1), tentacles
a: no special abilities


You were on level 1 of the Dungeon.
You visited 1 branch of the dungeon, and saw 1 of its levels.

You collected 10 gold pieces.

Inventory:

Hand Weapons
 a - a +0 war axe (weapon)
Armour
 b - a +0 buckler (worn)
Potions
 c - a potion of might
 d - a potion of flight {unknown}


   Skills:
 + Level 3.1 Fighting
 + Level 2.1 Axes
 + Level 3.1 Dodging
 + Level 3.1 Shields


You couldn't memorise any spells.
You didn't know any spells.
Your spell library was empty.

Dungeon Overview and Level Annotations

Branches:
Dungeon (1/15)

Altars:


Innate Abilities, Weirdness & Mutations

You cannot wear most types of armour.
You are amphibious.
You can wear up to eight rings at the same time.
Your skin changes colour to match your surroundings (Stealth+).
Your rubbery body absorbs attacks. (AC +1, EV +1)
((You are camouflaged when in or above water. (Stealth+)))
You have tentacles for arms and can constrict up to eight enemies at once.


Message History

You kill the goblin!
You hear a splash.
You miss the quokka. Your grab misses the quokka.
You block the quokka's attack. The quokka completely misses you.
You hit the quokka. You grab the quokka.
The quokka is severely wounded.
You constrict the quokka, but do no damage.
The quokka closely misses you.
You hit the quokka.
You kill the quokka!
Things that are here:
a +0 dagger; a goblin corpse
d - a bubbling grey potion You now have 10 gold pieces.
A ball python, an endoplasm and a hobgoblin come into view.
There are monsters nearby!
A kobold comes into view. It is wielding a +0 whip.
You barely miss the hobgoblin. Your grab misses the hobgoblin.
The hobgoblin misses you. The hobgoblin hits you.
You hit the hobgoblin.
You kill the hobgoblin!
The kobold shouts!
The ball python hisses angrily.
You hit the endoplasm.
The endoplasm is heavily wounded.
The endoplasm hits you.
You hit the endoplasm.
The endoplasm is almost dead.
A rat comes into view.
The endoplasm freezes you.
You are frozen.
You slash the endoplasm!
You kill the endoplasm!
You block the ball python's attack. The ball python closely misses you.
You closely miss the ball python. You grab the ball python.
You closely miss the kobold. You constrict the ball python.
The kobold hits you with a +0 whip.
* * * LOW HITPOINT WARNING * * *
The ball python barely misses you. You block the ball python's attack.
The kobold hits you with a +0 whip.
You die...

#### ..... #...
#.... ..... ....
#.... .r. #..... ..
#.....##. #.....SK#
#@# #.# #.# #####
#.# ..... #.# .
.....##.# ...
#.####....####.##...
....................
.#...........^...


You could see a ball python, a kobold and a rat.

Vanquished Creatures
  An endoplasm (D:1)
  2 goblins (D:1)
  A hobgoblin (D:1)
  A quokka (D:1)
5 creatures vanquished.

Vanquished Creatures (others)
  A demonspawn (D:1)
  A draconian (D:1)
  An elf (D:1)
  2 merfolk (D:1)
  A troll (D:1)
  A formicid (D:1)
  A human (D:1)
  An ogre (D:1)
  A tengu (D:1)
  2 felids (D:1)
  A mummy (D:1)
  A gnoll (D:1)
  A kobold (D:1)
  16 tentacles (D:1)
31 creatures vanquished.

Grand Total: 36 creatures vanquished

Notes
Turn   | Place    | Note
-------+----------+-------------------------------------------
     0 | D:1      | croobank the Octopode Fighter began the quest for the Orb.
     0 | D:1      | Reached XP level 1. HP: 16/16 MP: 1/1
     2 | D:1      | Noticed a human
     2 | D:1      | Noticed a tengu
     2 | D:1      | Noticed a demonspawn
     2 | D:1      | Noticed a formicid
     2 | D:1      | Noticed an ogre
     2 | D:1      | Noticed a kraken
     2 | D:1      | Noticed a troll
     2 | D:1      | Noticed a merfolk
     2 | D:1      | Noticed a felid
     2 | D:1      | Noticed a merfolk
     2 | D:1      | Noticed a felid
     2 | D:1      | Noticed an elf
     2 | D:1      | Noticed a draconian
     4 | D:1      | Killed a formicid
     5 | D:1      | Killed an elf
     9 | D:1      | Killed a felid
    13 | D:1      | Killed a draconian
    14 | D:1      | Killed a demonspawn
    14 | D:1      | Killed a troll
    20 | D:1      | Killed a merfolk
    20 | D:1      | Killed an ogre
    22 | D:1      | Killed a felid
    23 | D:1      | Killed a tengu
    23 | D:1      | Killed a human
    24 | D:1      | Killed a merfolk
    59 | D:1      | Slain by a kobold

Illustrated notes

Levels and vault maps discovered:
D:1:      nicolae_arrival_kraken_aquarium_b, layout_basic

Action                   || total
-------------------------++-------
Melee: War axe           ||    12
       Constrict         ||     4
       Tentacles         ||     1
Dodge: Dodged            ||     6
Block: Buckler           ||     3
